 Dungeon Crawl Stone Soup version 0.31-a0-845-g9abc20d24f (webtiles) character file.

Game seed: 9970316143758638304

21 randomguy2701 the Shield-Bearer (level 2, 0/26 HPs)
             Began as a Gnoll Wanderer on Oct 2, 2023.
             Slain by a hound (3 damage)
             ... on level 2 of the Dungeon.
             The game lasted 00:01:00 (1215 turns).

randomguy2701 the Shield-Bearer (Gnoll Wanderer)    Turns: 1215, Time: 00:01:01

Health: 0/26       AC:  3    Str:  8    XL:     2   Next: 83%
Magic:  3/7        EV: 11    Int: 10    God:
Gold:   69         SH:  6    Dex: 15    Spells: 9/10 levels left

rFire   . . .        a - +0 short sword
rCold   . . .        b - +0 buckler
rNeg    . . .        d - +0 robe
rPois   .            (no helmet)
rElec   .            (no cloak)
rCorr   .            i - +0 pair of gloves
SInv    .            (no boots)
Will    .....        (no amulet)
Stlth   ++           (no ring)
HPRegen 0.24/turn    (no ring)
MPRegen 0.10/turn

%: no passive effects
@: no status effects
A: fangs 1, strong nose, distributed training
a: no special abilities


You were on level 2 of the Dungeon.
You visited 1 branch of the dungeon, and saw 2 of its levels.

You collected 69 gold pieces.

Inventory:

Hand Weapons
 a - a +0 short sword (weapon)
Armour
 b - a +0 buckler (worn)
 d - a +0 robe (worn)
 i - a +0 pair of gloves (worn)
Scrolls
 c - a scroll of blinking
 e - 3 scrolls of identify {unknown}
 h - a scroll of amnesia {unknown}
Potions
 f - a potion of heal wounds {unknown}
 g - a potion of might {unknown}


   Skills:
 + Level 4.5 Fighting
 + Level 2.5 Short Blades
 + Level 0.5 Long Blades
 + Level 0.5 Axes
 + Level 0.5 Maces & Flails
 + Level 0.5 Polearms
 + Level 0.5 Staves
 + Level 0.5 Ranged Weapons
 + Level 0.5 Throwing
 + Level 0.5 Armour
 + Level 0.5 Dodging
 + Level 0.5 Stealth
 + Level 6.5 Shields
 + Level 0.5 Unarmed Combat
 + Level 4.9 Spellcasting
 + Level 0.4 Conjurations
 + Level 0.4 Hexes
 + Level 0.4 Summonings
 + Level 0.4 Necromancy
 + Level 0.4 Translocations
 + Level 0.4 Transmutations
 + Level 0.4 Fire Magic
 + Level 0.4 Ice Magic
 + Level 3.7 Air Magic
 + Level 0.4 Earth Magic
 + Level 0.4 Poison Magic
 + Level 0.7 Invocations
 + Level 0.5 Evocations
 + Level 0.5 Shapeshifting


You had 9 spell levels left.
You knew the following spells:

 Your Spells              Type           Power      Damage    Failure   Level
a - Shock                 Conj/Air       24%        1d4       14%         1

Your spell library contained the following spells:

 Spells                   Type           Power      Damage    Failure   Level
 Static Discharge         Conj/Air       12%        2-3/arc   22%         2
 Vhi's Electric Charge    Tloc/Air       12%        N/A       82%         4


Dungeon Overview and Level Annotations

Branches:
Dungeon (2/15)

Altars:


Innate Abilities, Weirdness & Mutations

You have very sharp teeth.
Your uncanny sense of smell can sniff out nearby items.
Your experience applies equally to all skills.


Message History

Your magical contamination has completely faded away.
You hit the hound.
The hound is moderately wounded.
You block the hound's attack.
You hit the hound.
The hound is heavily wounded.
The hound bites you. x2
You closely miss the hound.
The hound is heavily wounded.
The hound barely misses you.
You barely miss the hound.
The hound is heavily wounded.
The hound bites you. The hound misses you.
You are too injured to fight recklessly!
You are too injured to fight recklessly!
You are too injured to fight recklessly!
A hound is nearby!
A hound is nearby!
Unknown command.
You are too injured to fight recklessly!
You are too injured to fight recklessly!
You are too injured to fight recklessly!
You barely miss the hound. Your bite misses the hound.
The hound is heavily wounded.
The hound barely misses you.
You hit the hound.
The hound is heavily wounded.
The hound closely misses you. The hound bites you.
You miss the hound.
The hound is heavily wounded.
The hound bites you.
* * * LOW HITPOINT WARNING * * *
You completely miss the hound.
The hound is heavily wounded.
The hound bites you.
* * * LOW HITPOINT WARNING * * *
You closely miss the hound.
The hound is heavily wounded.
The hound bites you but does no damage. The hound bites you.
You die...

#.# #.#.#.####### #.#
#.#.#.# . ..###<#.#.#
.## ∆ ......#.#.######
..#
#######.#......###.###
#...####.##>... ###.#
#.##..# # #.#
#.##..###..# #.#
#..@)..†<..# #.#
#.h#####...# #.# #..#
..# #.. ....# ...
###..# #.. ...# .
##.$. #.##


You could see a hound.

Vanquished Creatures
  6 ball pythons
  2 bats (D:1)
  2 endoplasms (D:1)
  2 goblins
  2 hobgoblins
  2 kobolds (D:1)
  A frilled lizard (D:1)
  A rat (D:1)
18 creatures vanquished.

Notes
Turn   | Place    | Note
-------+----------+-------------------------------------------
     0 | D:1      | randomguy2701 the Gnoll Wanderer began the quest for the
                  | Orb.
     0 | D:1      | randomguy2701 set off with the following items: a +0 short
                  | sword, a +0 buckler, a scroll of blinking, a +0 robe; and
                  | the following spell memorised: Shock; and the following
                  | spells available to memorise: Static Discharge, Vhi's
                  | Electric Charge.
     0 | D:1      | Reached XP level 1. HP: 20/20 MP: 6/6
   316 | D:1      | Reached XP level 2. HP: 26/26 MP: 3/7
  1215 | D:2      | Slain by a hound

Illustrated notes

Levels and vault maps discovered:
D:1:      scummos_arrival_gate, layout_basic
D:2:      layout_loops_ring

Action                     || total
---------------------------++-------
  Melee: Short sword       ||    47
         Bite              ||     3
   Cast: Shock             ||    27
 Armour: Robe              ||    30
  Dodge: Dodged            ||    23
  Block: Buckler           ||    18

Table legend: (Time is in decaauts)
 A = Elapsed time spent in this place.
 B = Non-inter-level travel time spent in this place.
 C = Inter-level travel time spent in this place.
 D = Time resting spent in this place.
 E = Time spent auto-exploring this place.
 F = Levels seen in this place.
 G = Mean time per level.
                   A        B        C        D        E       F      G
               +--------+--------+--------+--------+--------+-----+--------+
         Total |   1211 |   1136 |     75 |      0 |    996 |   2 |  605.5 |
       Dungeon |   1211 |   1136 |     75 |      0 |    996 |   2 |  605.5 |
               +--------+--------+--------+--------+--------+-----+--------+

Top non-repeatable levels by time:
     D:1: 1132 daAuts
     D:2: 79 daAuts
